 Dungeon Crawl Stone Soup version 0.31.0-1-g2c135a0 (webtiles) character file.

Game seed: 8231712288298181583

28 bonegar the Sneak (level 3, -1/28 HPs)
             Began as a Naga Enchanter on Jan 26, 2024.
             Slain by a gnoll
             ... wielding a +0 whip
              (9 damage)
             ... on level 2 of the Dungeon.
             The game lasted 00:10:02 (957 turns).

bonegar the Sneak (Naga Enchanter)                   Turns: 957, Time: 00:10:03

Health: -1/28      AC:  2    Str: 10    XL:     3   Next: 12%
Magic:  1/6        EV:  9    Int: 17    God:
Gold:   40         SH:  0    Dex: 11    Spells: 4/6 levels left

rFire   . . .        a - +1 dagger
rCold   . . .        (no shield)
rNeg    . . .        b - +0 robe
rPois   +            (no helmet)
rElec   .            (no cloak)
rCorr   .            (no gloves)
SInv    +            (no barding)
Will    .....        (no amulet)
Stlth   +++          (no ring)
HPRegen 0.24/turn    (no ring)
MPRegen 0.10/turn

%: no passive effects
@: invisible, very slow
A: AC +1, large, see invisible, deformed body, poison resistance, slowness 2,
spit poison 1, naga tail 1
a: Spit Poison


You were on level 2 of the Dungeon.
You visited 1 branch of the dungeon, and saw 2 of its levels.

You collected 40 gold pieces.

Inventory:

Hand Weapons
 a - a +1 dagger (weapon)
Armour
 b - a +0 robe (worn)
 i - a +0 plate armour
Magical Staves
 e - a staff of air
Talismans
 d - a flux talisman
 k - a serpent talisman
Scrolls
 f - a scroll of revelation {unknown}
 g - 3 scrolls of identify {unknown}
 j - 2 scrolls of teleportation {unknown}
Potions
 c - 2 potions of invisibility
 h - a potion of might {unknown}
 l - a potion of curing {unknown}


   Skills:
 * Level 0.1 Fighting
 + Level 1.0 Short Blades
 * Level 0.1 Armour
 + Level 1.6 Dodging
 + Level 4.9 Stealth
 * Level 0.3 Unarmed Combat
 * Level 2.1 Spellcasting
 * Level 3.4 Hexes
 * Level 0.4 Ice Magic
 * Level 0.2 Shapeshifting


You had 4 spell levels left.
You knew the following spells:

 Your Spells              Type           Power      Damage    Failure   Level
a - Ensorcelled Hibernat  Hex/Ice        16%        N/A       13%         2

Your spell library contained the following spells:

 Spells                   Type           Power      Damage    Failure   Level
 Confusing Touch          Hex            13%        N/A       14%         3
 Tukima's Dance           Hex            13%        N/A       14%         3
 Sting                    Conj/Alch      4%         1d3       19%         1
 Mercury Vapours          Alch/Air       2%         N/A       28%         2
 Dazzling Flash           Conj/Hex       14%        N/A       28%         3
 Summon Ice Beast         Ice/Summ       2%         N/A       47%         3
 Olgreb's Toxic Radiance  Alch           1%         N/A       88%         4
 Summon Mana Viper        Hex/Summ       7%         N/A       95%         5
 Haunt                    Necr/Summ      0%         N/A       100%        7
 Monstrous Menagerie      Summ           0%         N/A       100%        7
 Borgnjor's Revivificati  Necr           0%         N/A       100%        8
 Death's Door             Necr           0%         N/A       100%        9


Dungeon Overview and Level Annotations

Branches:
Dungeon (2/15)

Altars:


Innate Abilities, Weirdness & Mutations

Your serpentine skin is tough. (AC +1)
You have supernaturally acute eyesight. (SInv)
Armour fits poorly on your strangely shaped body.
Your system is resistant to poisons. (rPois)
You cover ground very slowly.
You can spit poison.
You have a snake-like lower body.


Message History

Press: ? - help, Shift-Dir - straight line, f - gnoll
Aim: a gnoll, wielding a +0 club (chance to affect: 50%)
The gnoll looks drowsy...
The gnoll barely misses you.
Casting: Ensorcelled Hibernation (safe; 13% risk of failure)
Confirm with . or Enter, or press ? or * to list all spells.
Aiming: Ensorcelled Hibernation (safe; 13% risk of failure)
Press: ? - help, Shift-Dir - straight line, f - gnoll, p - gnoll
Aim: a gnoll, wielding a +0 whip (chance to affect: 50%)
The gnoll resists with some effort.
The gnoll misses you.
The gnoll shouts!
Casting: Ensorcelled Hibernation (safe; 13% risk of failure)
Confirm with . or Enter, or press ? or * to list all spells.
Aiming: Ensorcelled Hibernation (safe; 13% risk of failure)
Press: ? - help, Shift-Dir - straight line, f/p - gnoll
Aim: a gnoll, wielding a +0 whip (chance to affect: 50%)
The gnoll resists with some effort.
The gnoll barely misses you. x2
Casting: Ensorcelled Hibernation (safe; 13% risk of failure)
Confirm with . or Enter, or press ? or * to list all spells.
You don't have enough magic to cast this spell.
Unknown command.
Casting: Ensorcelled Hibernation (safe; 13% risk of failure)
Confirm with . or Enter, or press ? or * to list all spells.
You don't have enough magic to cast this spell.
You hit the gnoll.
The gnoll is moderately wounded.
The gnoll hits you with a +0 whip. The gnoll hits you with a +0 club!
The gnoll attacks as it pursues you! The gnoll barely misses you.
You fade into invisibility!
The gnoll barely misses you. The gnoll closely misses you.
You hit the gnoll but do no damage. You closely miss the gnoll.
The gnoll is moderately wounded.
You hit the gnoll but do no damage.
The gnoll is moderately wounded.
The gnoll hits you with a +0 whip.
* * * LOW HITPOINT WARNING * * *
You hit the gnoll.
The gnoll is moderately wounded.
The gnoll hits you with a +0 whip!
You die...

#########+##
#.#..........##
#.....<.......##
#.....##@g.....#
#....#.#.)g......#
.... ............+
#......#.........#
## #.####.......##
#. ##.....## ..
.....## ###+##


You could see 2 gnolls.

Vanquished Creatures
  A gnoll (D:2)
  A dart slug (D:1)
  2 endoplasms (D:1)
  A goblin (D:1)
  A hobgoblin (D:1)
  A quokka (D:1)
  4 ball pythons (D:1)
  2 frilled lizards (D:1)
  2 kobolds (D:1)
  A rat (D:1)
16 creatures vanquished.

Notes
Turn   | Place    | Note
-------+----------+-------------------------------------------
     0 | D:1      | bonegar the Naga Enchanter began the quest for the Orb.
     0 | D:1      | Reached XP level 1. HP: 15/15 MP: 3/3
   240 | D:1      | Reached XP level 2. HP: 20/22 MP: 5/5
   243 | D:1      | Learned a level 2 spell: Ensorcelled Hibernation
   947 | D:2      | Reached XP level 3. HP: 28/28 MP: 6/6
   957 | D:2      | Slain by a gnoll

Illustrated notes

Levels and vault maps discovered:
D:1:      dreamdust_arrival_sigmund_warning, layout_basic
D:2:      layout_loops_corners, basic_altar, st_stairs_9

Action                     || total
---------------------------++-------
  Melee: Dagger            ||    48
         Unarmed           ||     3
         Punch             ||     1
   Cast: Ensorcelled Hiber ||     5
    Use: Potion            ||     1
   Stab: Sleeping          ||     9
 Armour: Robe              ||    22
         Skin              ||     1
  Dodge: Dodged            ||    22
         Form:             ||     1
         Serpent           ||     1
